 Dungeon Crawl Stone Soup version 0.29-a0-872-g797fff5ad1 (webtiles) character file.

Game seed: 14776453379574287178

119 jimonade the Shield-Bearer (level 5, 0/42 HPs)
             Began as a Formicid Fighter on July 18, 2022.
             Succumbed to Crazy Yiuf's poison
             ... on level 3 of the Dungeon.
             The game lasted 00:03:58 (1873 turns).

jimonade the Shield-Bearer (Formicid Fighter)       Turns: 1873, Time: 00:03:58

Health: 0/42       AC: 13    Str: 21    XL:     5   Next: 24%
Magic:  5/5        EV:  6    Int:  7    God:
Gold:   72         SH:  5    Dex: 15    Spells: 4/4 levels left

rFire   . . .      SeeInvis +   a - +4 falchion (vorpal)
rCold   . . .      Faith    .   c - +0 buckler
rNeg    . . .      Spirit   .   n - +0 plate armour
rPois   .          Reflect  .   (helmet unavailable)
rElec   .          Harm     .   (no cloak)
rCorr   .          Rampage  .   (no gloves)
Will    .....                   m - +0 pair of boots
Stlth   ..........              (no amulet)
HPRegen 0.14/turn               (no ring)
MPRegen 0.09/turn               (no ring)

@: lethally poisoned (0 -> -12)
A: permanent stasis, dig shafts and tunnels, antennae 3, four strong arms
a: Dig, Shaft Self


You were on level 3 of the Dungeon.
You visited 1 branch of the dungeon, and saw 3 of its levels.

You collected 72 gold pieces.

Inventory:

Hand Weapons
 a - a +4 vorpal falchion (weapon)
 b - a +0 sling
 f - a +0 quarterstaff
 p - a +1 vampiric dagger
Armour
 c - a +0 buckler (worn)
 m - a +0 pair of boots (worn)
 n - a +0 plate armour (worn)
 q - a +2 animal skin
 u - a +0 scale mail
Scrolls
 g - 3 scrolls of vulnerability {unknown}
 h - a scroll of teleportation {unknown}
 i - 5 scrolls of identify {unknown}
 j - 2 scrolls of magic mapping {unknown}
 l - a scroll of fear {unknown}
 r - a scroll of enchant weapon {unknown}
 s - a scroll of fog {unknown}
Potions
 d - a potion of might
 k - a potion of cancellation {unknown}
 o - 2 potions of heal wounds {unknown}
 t - a potion of berserk rage {unknown}


   Skills:
 + Level 3.9 Fighting
 + Level 2.0 Long Blades
 - Level 2.1 Staves
 + Level 4.2 Armour
 + Level 0.8 Dodging
 + Level 4.8 Shields


You had 4 spell levels left.
You didn't know any spells.
Your spell library was empty.

Dungeon Overview and Level Annotations

Branches:
Dungeon (3/15)

Altars:


Innate Abilities, Weirdness & Mutations

You cannot be hasted, slowed, berserked, paralysed or teleported.
You can dig through walls and to a lower floor.
You have a pair of large antennae on your head. (SInv)
Your four strong arms can wield two-handed weapons with a shield.


Message History

Found a hammer.
Found a runed translucent door.
Crazy Yiuf shouts!
Crazy Yiuf cries, "You leg down broken song, no?"
Crazy Yiuf screams, "Hah King snockshim!"
You sense a monster nearby.
Crazy Yiuf screams, "Lugonu!
Ghoul shoe blue."
You open the door.
Crazy Yiuf zaps a wand.
The roots erupt in riotous growth!
The grasping roots grab you! The grasping roots constrict you.
You escape the roots grasp.
Crazy Yiuf says, "Powder!"
Crazy Yiuf hits you with a +2 quarterstaff of chaos.
Crazy Yiuf burns you.
There is an open translucent door here.
You barely miss Crazy Yiuf.
Crazy Yiuf hits you with a +2 quarterstaff of chaos!
You slash Crazy Yiuf!
Crazy Yiuf is heavily wounded.
Crazy Yiuf zaps a wand.
The roots erupt in riotous growth!
The grasping roots grab you!
Crazy Yiuf is unaffected.
The grasping roots constrict you.
You closely miss Crazy Yiuf.
Crazy Yiuf is heavily wounded.
Crazy Yiuf grits, "Adder!
East stair aubergine."
Crazy Yiuf hits you with a +2 quarterstaff of chaos!
You are lethally poisoned!
The grasping roots constrict you.
* * * LOW HITPOINT WARNING * * *
You slash Crazy Yiuf!
You kill Crazy Yiuf!
* * * LOW HITPOINT WARNING * * *
You feel very sick.
Your Long Blades skill increases to level 2!
You have reached level 5!
* * * LOW HITPOINT WARNING * * *
You feel very sick.
Items here: ) / [ †.
It was a potion of haste.
Your stasis prevents you from being hasted.
You die...

#....#
##...#
##.##
##.#
#.##
##.#
#.##
##'##
#.@.#
#...#
#)..#
#####


There were no monsters in sight!

Vanquished Creatures
  Crazy Yiuf (D:3)
  Robin (D:2)
  A gnoll (D:1)
  2 adders (D:2)
  A worm (D:3)
  A dart slug (D:1)
  3 endoplasms
  A giant cockroach (D:1)
  6 goblins
  12 hobgoblins
  3 jackals (D:1)
  3 kobolds (D:1)
  A quokka (D:1)
  4 ball pythons
  4 frilled lizards (D:1)
  2 rats (D:1)
46 creatures vanquished.

Notes
Turn   | Place    | Note
-------+----------+-------------------------------------------
     0 | D:1      | jimonade the Formicid Fighter began the quest for the Orb.
     0 | D:1      | Reached XP level 1. HP: 18/18 MP: 1/1
   229 | D:1      | Reached XP level 2. HP: 24/24 MP: 2/2
   522 | D:1      | Reached XP level 3. HP: 29/29 MP: 3/3
   873 | D:1      | Found a faded altar of an unknown god.
  1045 | D:2      | Noticed Robin
  1131 | D:2      | Killed Robin
  1132 | D:2      | Reached skill level 1 in Long Blades
  1132 | D:2      | Reached XP level 4. HP: 30/35 MP: 4/4
  1862 | D:3      | Found a runed translucent door.
  1863 | D:3      | Noticed Crazy Yiuf
  1871 | D:3      | Killed Crazy Yiuf
  1872 | D:3      | Reached XP level 5. HP: 6/42 MP: 5/5
  1872 | D:3      | HP: 2/42 [poisoned by Crazy Yiuf]
  1873 | D:3      | Succumbed to Crazy Yiuf's poison

Illustrated notes

Levels and vault maps discovered:
D:1:      evilmike_arrival_crescent, layout_rooms,
          shapermc_ecumenical_altar_flowoftime, kennysheep_boxes
D:2:      layout_rooms, nicolae_concentric_dashed_squares_wild, uniq_robin
D:3:      layout_rooms, uniq_crazy_yiuf_cottage, uniq_natasha

Skill      XL: |  1  2  3  4 |
---------------+-------------+-----
Armour         | 4 |  4.2
Long Blades    | 1 2 |  2.0
Fighting       | |  3.9
Staves         | |  2.1
Dodging        | |  0.8
Shields        | |  4.8

Action                   |  1- 3 |  4- 6 || total
-------------------------+-------+-------++-------
Melee: Quarterstaff      |    23 |       ||    23
       Falchion          |    70 |    37 ||   107
 Abil: Dig               |     3 |       ||     3
  Use: Potion            |       |     1 ||     1
Armor: Scale mail        |    19 |       ||    19
       Plate armour      |     6 |    12 ||    18
Dodge: Dodged            |    41 |     4 ||    45
Block: Buckler           |    23 |     8 ||    31

Table legend: (Time is in decaauts)
 A = Elapsed time spent in this place.
 B = Non-inter-level travel time spent in this place.
 C = Inter-level travel time spent in this place.
 D = Time resting spent in this place.
 E = Time spent auto-exploring this place.
 F = Levels seen in this place.
 G = Mean time per level.
                   A        B        C        D        E       F      G
               +--------+--------+--------+--------+--------+-----+--------+
         Total |   1907 |   1780 |    127 |      0 |   1404 |   3 |  635.7 |
       Dungeon |   1907 |   1780 |    127 |      0 |   1404 |   3 |  635.7 |
               +--------+--------+--------+--------+--------+-----+--------+

Top non-repeatable levels by time:
     D:1: 1088 daAuts
     D:2: 730 daAuts
     D:3: 88 daAuts
